 Dungeon Crawl Stone Soup version 0.26.1-11-gd32895ea62 (webtiles) character file.

Game seed: 17793471513506476027

47 Zeld the Ducker (level 3, 0/26 HPs)
             Began as an Octopode Monk on May 11, 2021.
             Slain by Jessica
             ... wielding a +0 dagger of electrocution
              (15 damage)
             ... on level 2 of the Dungeon.
             The game lasted 00:01:05 (1051 turns).

Zeld the Ducker (Octopode Monk)                     Turns: 1051, Time: 00:01:06

Health: 0/26       AC:  0    Str: 11    XL:     3   Next: 70%
Magic:  5/5        EV: 21    Int: 12    God:
Gold:   29         SH:  0    Dex: 19    Spells: 5/5 levels left

rFire    . . .     SeeInvis .   (weapon currently unavailable)
rCold    . . .     Faith    .   (shield currently unavailable)
rNeg     . . .     Spirit   .   (helmet currently unavailable)
rPois    .         Reflect  .   (no amulet)
rElec    .         Harm     .   (ring currently unavailable)
rCorr    .         Rampage  .   (ring currently unavailable)
Will     .....                  (ring currently unavailable)
Stlth    ++........             (ring currently unavailable)
HPRegen  0.08/turn              (ring currently unavailable)
MPRegen  0.09/turn              (ring currently unavailable)
                                (ring currently unavailable)
                                (ring currently unavailable)

@: bat-form, flying, slowed, quick
A: tiny, almost no armour, stealthy swim, (amphibious), (8 rings), (constrict 8)
a: Stop Flying


You were on level 2 of the Dungeon.
You were in bat-form.
You visited 1 branch of the dungeon, and saw 2 of its levels.

You collected 29 gold pieces.

Inventory:

Hand Weapons
 a - a +0 hand axe (melded)
Missiles
 b - 3 javelins
 k - 13 poisoned darts (quivered)
 o - 3 boomerangs
Scrolls
 c - 4 scrolls of identify {unknown}
 d - 3 scrolls of teleportation {unknown}
 f - a scroll of magic mapping {unknown}
 g - 2 scrolls of remove curse {unknown}
 i - a scroll of immolation {unknown}
 j - 3 scrolls of blinking {unknown}
 l - 2 scrolls of enchant armour {unknown}
 n - 2 scrolls of fear {unknown}
Potions
 e - a potion of cancellation {unknown}
 h - 2 potions of berserk rage {unknown}
 m - 2 potions of curing {unknown}


   Skills:
 - Level 3.0 Fighting
 - Level 3.0 Axes
 * Level 2.1 Throwing
 - Level 3.0 Dodging
 - Level 2.6 Stealth
 * Level 1.8 Spellcasting


You had 5 spell levels left.
You didn't know any spells.
Your spell library was empty.

Dungeon Overview and Level Annotations

Branches:
Dungeon (2/15)

Altars:
Vehumet

Annotations:
D:2 Jessica


Innate Abilities, Weirdness & Mutations

You cannot wear most types of armour.
You are very stealthy in the water. (Stealth+)
((You are amphibious.))
((You can wear up to eight rings at the same time.))
((You can use your tentacles to constrict eight enemies at once.))
((Your skin changes colour to match your surroundings (Stealth+).))
((Your rubbery body absorbs attacks. (AC +1, EV +1)))


Message History

Jessica is heavily wounded.
Jessica misses you. x2
Jessica casts a spell at you. Pain shoots through your body!
You hit Jessica but do no damage.
Jessica is heavily wounded.
Jessica hits you with a +0 dagger of electrocution.
Jessica zaps a wand.
You hit Jessica but do no damage.
Jessica is heavily wounded.
Jessica hits you but does no damage.
Jessica shouts, "You're disturbing me!
I'll have to kill you!" Jessica completely misses you.
You barely miss Jessica.
Jessica is heavily wounded.
Jessica completely misses you.
Jessica hits you with a +0 dagger of electrocution.
You are electrocuted!
Ouch! That really hurt!
You die...

#### ...## #
...# . #..# .#
###..##.#
###....@.#
#....†b.#
#......##
#.#.#.#.#
#.#.#.##.#
######
#.#.#.#.###.#.#
......
#..............
######
###.#...###.#..#
....#
#..........#..#
###.#
#..###.#####..#


You could see Jessica (fast).

Vanquished Creatures
  An adder (D:2)
  A worm (D:2)
  A leopard gecko (D:1)
  4 bats
  A giant cockroach (D:1)
  7 goblins
  7 hobgoblins
  3 kobolds (D:1)
  5 rats
30 creatures vanquished.

Vanquished Creatures (others)
  A fungus (D:2)
1 creature vanquished.

Grand Total: 31 creatures vanquished

Notes
Turn   | Place    | Note
-------+----------+-------------------------------------------
     0 | D:1      | Zeld the Octopode Monk began the quest for the Orb.
     0 | D:1      | Reached XP level 1. HP: 16/16 MP: 1/1
   183 | D:1      | Reached XP level 2. HP: 9/21 MP: 1/3
   357 | D:1      | Reached skill level 1 in Throwing
   366 | D:1      | Reached skill level 1 in Spellcasting
   718 | D:1      | Reached XP level 3. HP: 26/26 MP: 5/5
   877 | D:2      | Found a radiant altar of Vehumet.
  1038 | D:2      | Noticed Jessica
  1051 | D:2      | Slain by Jessica

Illustrated notes

Levels and vault maps discovered:
D:1:      minmay_arrival_loop, layout_basic, serial_bayou_ford_a
D:2:      layout_loops_ring, nicolae_overflow_crystal_walls,
          overflow_temple_1_default, minmay_pentomino_o4,
          uniq_crazy_yiuf_cottage, uniq_sigmund, uniq_jessica

Skill      XL: |  1  2  3 |
---------------+----------+-----
Throwing       | 1 2 |  2.1
Spellcasting   | 1 |  1.8
Fighting       | |  3.0
Axes           | |  3.0
Dodging        | |  3.0
Stealth        | |  2.6

Action                   || total
-------------------------++-------
Melee: Hand axe          ||    57
       Constrict         ||    18
       Tentacles         ||     7
       Unarmed           ||     5
 Stab: Sleeping          ||     8
Armor: Skin              ||     8
Dodge: Dodged            ||    40
